[ AOE2 MATCH · #470569840 ]
UnrankedEthiopians vs Huns
[ REPLAY ANALYSIS · EXTRACTED FROM THE RECORDED GAME ]
Feudal
14:10
Castle
17:41
Imperial
—
| APM avg | 38.6 |
| APM peak | 78 |
| eAPM avg | 17.1 |
| Villagers / military | 39 / 21 |
Focus
⚔️ 36.0% · 🌾 64.0%
Archer ×21 · Fishing Ship ×11
Feudal
15:18
Castle
21:17
Imperial
—
| APM avg | 23.1 |
| APM peak | 42 |
| eAPM avg | 9.7 |
| Villagers / military | 38 / 3 |
Focus
⚔️ 12.3% · 🌾 87.7%
Fishing Ship ×8 · Galley ×3
Feudal
12:43
Castle
19:08
Imperial
—
| APM avg | 43.3 |
| APM peak | 84 |
| eAPM avg | 18.3 |
| Villagers / military | 40 / 9 |
Focus
⚔️ 30.0% · 🌾 70.0%
Fishing Ship ×9 · Galley ×5 · Fire Galley ×4 · Unknown (2626) ×1
Feudal
11:55
Castle
—
Imperial
—
| APM avg | 54.3 |
| APM peak | 112 |
| eAPM avg | 28.4 |
| Villagers / military | 32 / 3 |
Focus
⚔️ 63.5% · 🌾 36.5%
Fishing Ship ×6 · Militia ×3 · Unknown (2626) ×2
Feudal
13:01
Castle
17:46
Imperial
—
| APM avg | 30.3 |
| APM peak | 53 |
| eAPM avg | 15.8 |
| Villagers / military | 44 / 1 |
Focus
⚔️ 34.1% · 🌾 65.9%
Fishing Ship ×17 · Unknown (2626) ×2 · Monk ×1
Feudal
13:11
Castle
17:06
Imperial
—
| APM avg | 34.9 |
| APM peak | 74 |
| eAPM avg | 15.2 |
| Villagers / military | 39 / 7 |
Focus
⚔️ 28.5% · 🌾 71.5%
Kipchak ×7 · Fishing Ship ×5
Feudal
13:42
Castle
19:18
Imperial
—
| APM avg | 28.7 |
| APM peak | 53 |
| eAPM avg | 13.8 |
| Villagers / military | 39 / 9 |
Focus
⚔️ 31.3% · 🌾 68.7%
Archer ×9 · Fishing Ship ×7
Feudal
12:15
Castle
21:58
Imperial
—
| APM avg | 40.1 |
| APM peak | 75 |
| eAPM avg | 15.8 |
| Villagers / military | 31 / 8 |
Focus
⚔️ 24.2% · 🌾 75.8%
Fishing Ship ×16 · Galley ×8 · Unknown (2626) ×3
Match map
Initial resources + every placement click. Lines = walls · curves = elevation contours. ◆ gold · ⬟ stone · ● berries · ✦ relic · ◌ wall gap
Your base· Open — unwalled flank
Fight2End&NoAfk's base· Open — 9t gap
CBRM's base· Open — unwalled flank
Viktor Dufka's base· Open — unwalled flank
rono's base· Open — 10t gap
一剑扫秋风nelson's base· Open — 13t gap
大冲车 滴滴 创死你's base· Open — 9t gap
Fresh To Death's base· Open — 10t gap
Smoothed initial terrain · ◌ = detected wall gap · hover for details
Inputs per minute
— 灵魂恰恰恰 - - Fight2End&NoAfk
Build order — 灵魂恰恰恰
123 actions detected in the replay
| 0:18 | Build | Town Center |
| 0:38 | Build | Dock |
| 0:40 | Build | House |
| 2:48 | Create | Villager (Male) |
| 2:48 | Create | Villager (Male) |
| 2:48 | Create | Villager (Male) |
| 2:48 | Create | Villager (Male) |
| 3:58 | Create | Villager (Male) |
| 4:09 | Create | Fishing Ship |
| 4:09 | Create | Fishing Ship |
| 4:35 | Build | House |
| 5:01 | Create | Villager (Male) |
| 5:01 | Create | Villager (Male) |
| 5:19 | Create | Villager (Male) |
| 5:20 | Create | Villager (Male) |
| 5:42 | Create | Fishing Ship |
| 5:43 | Create | Villager (Male) |
| 6:10 | Build | House |
| 6:15 | Create | Villager (Male) |
| 6:16 | Create | Villager (Male) |
| 6:35 | Create | Villager (Male) |
| 6:35 | Create | Villager (Male) |
| 6:55 | Create | Villager (Male) |
| 6:55 | Create | Villager (Male) |
| 6:59 | Create | Fishing Ship |
| 7:29 | Create | Villager (Male) |
| 7:29 | Create | Villager (Male) |
| 7:49 | Create | Fishing Ship |
| 8:29 | Create | Villager (Male) |
| 8:37 | Build | House |
| 8:46 | Create | Fishing Ship |
| 8:52 | Build | House |
| 8:55 | Build | Palisade Wall |
| 9:17 | Create | Villager (Male) |
| 9:24 | Build | Dock |
| 9:36 | Create | Fishing Ship |
| 9:48 | Create | Villager (Male) |
| 10:03 | Create | Villager (Male) |
| 10:11 | Create | Fishing Ship |
| 10:17 | Create | Villager (Male) |
| 10:37 | Build | Barracks |
| 10:49 | Create | Villager (Male) |
| 10:50 | Create | Fishing Ship |
| 10:59 | Build | House |
| 11:31 | Build | House |
| 11:35 | Create | Villager (Male) |
| 11:58 | Research | Feudal Age |
| 11:58 | Research | Feudal Age |
| 12:03 | Build | Mining Camp |
| 12:29 | Create | Villager (Male) |
| 13:30 | Create | Fishing Ship |
| 13:31 | Create | Fishing Ship |
| 14:10 | Age | Feudal Age |
| 14:13 | Build | Archery Range |
| 14:16 | Build | Blacksmith |
| 14:25 | Build | Lumber Camp |
| 14:29 | Create | Villager (Male) |
| 15:00 | Build | House |
| 15:01 | Research | Castle Age |
| 15:07 | Build | Palisade Wall |
| 15:09 | Research | Double-Bit Axe |
| 15:09 | Research | Double-Bit Axe |
| 15:10 | Create | Archer |
| 15:22 | Build | Archery Range |
| 15:39 | Create | Villager (Male) |
| 15:51 | Build | House |
| 15:52 | Build | House |
| 15:55 | Create | Archer |
| 15:58 | Research | Fletching |
| 15:58 | Research | Fletching |
| 16:07 | Create | Archer |
| 16:30 | Build | Dock |
| 16:34 | Create | Archer |
| 16:39 | Research | Gold Mining |
| 16:40 | Research | Gold Mining |
| 16:55 | Create | Archer |
| 17:04 | Build | Palisade Wall |
| 17:06 | Build | Palisade Gate |
| 17:09 | Create | Villager (Male) |
| 17:15 | Create | Archer |
| 17:41 | Age | Castle Age |
| 17:42 | Research | Crossbowman (upgrade) |
| 17:42 | Research | Crossbowman (upgrade) |
| 17:42 | Research | Crossbowman (upgrade) |
| 17:54 | Research | Bodkin Arrow |
| 18:06 | Build | Mill |
| 18:27 | Create | Villager (Male) |
| 18:35 | Create | Archer |
| 18:35 | Create | Archer |
| 18:52 | Create | Villager (Male) |
| 18:54 | Create | Archer |
| 19:33 | Create | Villager (Male) |
| 19:34 | Create | Villager (Male) |
| 19:34 | Create | Archer |
| 19:35 | Create | Archer |
| 19:53 | Create | Villager (Male) |
| 19:53 | Create | Archer |
| 20:03 | Create | Archer |
| 20:26 | Research | Horse Collar |
| 20:28 | Build | Farm |
| 20:29 | Build | Farm |
| 20:29 | Build | Farm |
| 20:29 | Build | Farm |
| 20:29 | Build | Farm |
| 20:29 | Build | Farm |
| 20:30 | Build | Farm |
| 20:42 | Create | Villager (Male) |
| 20:42 | Create | Archer |
| 20:42 | Create | Archer |
| 20:47 | Build | House |
| 20:48 | Build | House |
| 20:49 | Build | House |
| 20:50 | Build | House |
| 20:55 | Create | Archer |
| 20:55 | Create | Archer |
| 21:05 | Create | Villager (Male) |
| 21:32 | Create | Villager (Male) |
| 21:33 | Create | Villager (Male) |
| 21:34 | Create | Archer |
| 21:34 | Create | Archer |
| 22:17 | Create | Villager (Male) |
| 22:17 | Create | Archer |
| 22:18 | Create | Archer |
Build order — Fight2End&NoAfk
75 actions detected in the replay
| 1:38 | Build | Town Center |
| 2:54 | Build | Lumber Camp |
| 4:05 | Create | Villager (Male) |
| 4:05 | Create | Villager (Male) |
| 4:05 | Create | Villager (Male) |
| 4:41 | Create | Villager (Male) |
| 4:41 | Create | Villager (Male) |
| 5:27 | Research | Loom |
| 6:05 | Build | Dock |
| 6:40 | Create | Villager (Male) |
| 6:40 | Create | Villager (Male) |
| 7:08 | Create | Villager (Male) |
| 7:09 | Create | Villager (Male) |
| 7:28 | Create | Fishing Ship |
| 7:50 | Create | Villager (Male) |
| 7:51 | Create | Villager (Male) |
| 8:09 | Create | Villager (Male) |
| 8:09 | Create | Villager (Male) |
| 8:10 | Create | Villager (Male) |
| 8:11 | Create | Fishing Ship |
| 8:38 | Create | Villager (Male) |
| 8:38 | Create | Villager (Male) |
| 8:56 | Create | Villager (Male) |
| 8:56 | Create | Villager (Male) |
| 9:04 | Create | Fishing Ship |
| 9:37 | Create | Villager (Male) |
| 9:37 | Create | Villager (Male) |
| 9:52 | Create | Fishing Ship |
| 10:02 | Create | Villager (Male) |
| 10:03 | Create | Villager (Male) |
| 10:16 | Create | Villager (Male) |
| 10:44 | Create | Villager (Male) |
| 10:44 | Create | Villager (Male) |
| 10:47 | Create | Fishing Ship |
| 11:03 | Create | Villager (Male) |
| 11:09 | Build | Mill |
| 11:22 | Create | Villager (Male) |
| 11:41 | Build | Dock |
| 11:44 | Create | Villager (Male) |
| 12:10 | Create | Fishing Ship |
| 12:18 | Create | Villager (Male) |
| 12:46 | Build | Mining Camp |
| 13:08 | Research | Feudal Age |
| 13:37 | Create | Fishing Ship |
| 13:40 | Create | Fishing Ship |
| 14:30 | Create | Villager (Male) |
| 14:30 | Create | Villager (Male) |
| 15:18 | Age | Feudal Age |
| 15:20 | Build | Watch Tower |
| 15:23 | Create | Villager (Male) |
| 15:28 | Build | Blacksmith |
| 15:35 | Create | Galley |
| 15:36 | Create | Galley |
| 15:39 | Create | Villager (Male) |
| 15:48 | Build | Watch Tower |
| 16:29 | Create | Galley |
| 16:35 | Create | Villager (Male) |
| 16:40 | Research | Fletching |
| 17:14 | Build | Palisade Wall |
| 17:23 | Build | Market |
| 17:26 | Create | Villager (Male) |
| 17:54 | Create | Villager (Male) |
| 18:37 | Research | Castle Age |
| 19:24 | Research | Stone Mining |
| 20:21 | Build | Farm |
| 20:26 | Build | Farm |
| 20:56 | Build | Outpost |
| 21:17 | Age | Castle Age |
| 21:18 | Create | Villager (Male) |
| 21:18 | Create | Villager (Male) |
| 21:24 | Research | Bodkin Arrow |
| 21:42 | Build | Castle |
| 21:53 | Build | Gate |
| 22:14 | Build | Palisade Wall |
| 22:18 | Build | Palisade Gate |
Build order — CBRM
106 actions detected in the replay
| 0:19 | Build | Town Center |
| 0:49 | Build | Dock |
| 1:19 | Build | House |
| 2:38 | Create | Villager (Male) |
| 2:38 | Create | Villager (Male) |
| 2:38 | Create | Villager (Male) |
| 2:39 | Create | Villager (Male) |
| 3:43 | Create | Fishing Ship |
| 3:43 | Create | Fishing Ship |
| 3:50 | Create | Villager (Male) |
| 3:58 | Build | House |
| 4:16 | Research | Loom |
| 4:43 | Create | Fishing Ship |
| 5:01 | Create | Villager (Male) |
| 5:29 | Create | Villager (Male) |
| 5:55 | Create | Villager (Male) |
| 5:59 | Create | Fishing Ship |
| 6:06 | Build | House |
| 6:09 | Create | Villager (Male) |
| 6:16 | Create | Villager (Male) |
| 6:38 | Create | Villager (Male) |
| 7:04 | Create | Fishing Ship |
| 7:06 | Create | Villager (Male) |
| 7:13 | Build | House |
| 7:25 | Create | Villager (Male) |
| 7:38 | Create | Villager (Male) |
| 7:59 | Create | Villager (Male) |
| 8:03 | Create | Villager (Male) |
| 8:13 | Build | House |
| 8:21 | Build | Palisade Gate |
| 8:36 | Create | Villager (Male) |
| 8:36 | Create | Villager (Male) |
| 8:40 | Build | House |
| 8:50 | Build | Dock |
| 8:53 | Build | House |
| 9:16 | Create | Villager (Male) |
| 9:33 | Build | House |
| 9:47 | Build | Lumber Camp |
| 10:29 | Research | Feudal Age |
| 10:33 | Create | Fishing Ship |
| 11:44 | Build | Mill |
| 11:46 | Create | Villager (Male) |
| 11:50 | Build | Dock |
| 11:59 | Build | House |
| 12:43 | Age | Feudal Age |
| 12:47 | Research | Double-Bit Axe |
| 12:47 | Research | Double-Bit Axe |
| 12:48 | Create | Unit 2626 |
| 12:50 | Create | Galley |
| 12:55 | Create | Galley |
| 12:56 | Create | Galley |
| 13:01 | Create | Villager (Male) |
| 13:01 | Create | Villager (Male) |
| 13:32 | Create | Galley |
| 13:35 | Create | Villager (Male) |
| 13:35 | Create | Villager (Male) |
| 13:36 | Create | Villager (Male) |
| 13:36 | Create | Villager (Male) |
| 13:40 | Research | Town Watch |
| 13:41 | Research | Wheelbarrow |
| 13:46 | Build | House |
| 14:11 | Build | Blacksmith |
| 14:30 | Create | Villager (Male) |
| 14:58 | Create | Villager (Male) |
| 15:00 | Build | Market |
| 15:04 | Build | House |
| 15:23 | Create | Fire Galley |
| 16:15 | Research | Castle Age |
| 16:18 | Build | House |
| 16:19 | Build | House |
| 16:27 | Create | Fire Galley |
| 16:36 | Create | Galley |
| 16:41 | Build | House |
| 17:36 | Research | Fletching |
| 17:45 | Create | Fire Galley ×2 |
| 17:52 | Build | House |
| 17:53 | Build | House |
| 17:55 | Research | Tech 906 |
| 17:55 | Research | Tech 906 |
| 18:55 | Build | House |
| 19:08 | Age | Castle Age |
| 19:12 | Research | War Galley (upgrade) |
| 19:14 | Create | Villager (Male) |
| 19:15 | Create | Villager (Male) |
| 19:17 | Build | Town Center |
| 19:34 | Create | Villager (Male) |
| 19:36 | Create | Villager (Male) |
| 19:45 | Build | Town Center |
| 20:15 | Build | House |
| 20:24 | Create | Villager (Male) |
| 20:25 | Create | Villager (Male) |
| 20:26 | Create | Villager (Male) |
| 20:27 | Research | Bow Saw |
| 20:27 | Research | Bow Saw |
| 20:42 | Create | Villager (Male) |
| 20:47 | Build | House |
| 21:11 | Research | Gillnets |
| 21:11 | Research | Gillnets |
| 21:12 | Create | Fishing Ship |
| 21:12 | Create | Fishing Ship |
| 21:12 | Create | Fishing Ship |
| 21:36 | Create | Villager (Male) |
| 21:37 | Create | Villager (Male) |
| 21:37 | Create | Villager (Male) |
| 21:37 | Create | Villager (Male) |
| 21:54 | Build | House |
Build order — Viktor Dufka
87 actions detected in the replay
| 0:06 | Build | Town Center |
| 0:16 | Build | House |
| 0:57 | Build | Dock |
| 2:28 | Create | Villager (Male) |
| 2:29 | Create | Villager (Male) |
| 2:29 | Create | Villager (Male) |
| 2:34 | Create | Villager (Male) |
| 3:37 | Create | Fishing Ship |
| 4:01 | Create | Villager (Male) |
| 4:33 | Create | Villager (Male) |
| 4:39 | Build | House |
| 4:53 | Create | Villager (Male) |
| 4:54 | Create | Villager (Male) |
| 5:14 | Create | Fishing Ship |
| 5:31 | Create | Villager (Male) |
| 5:44 | Build | House |
| 5:48 | Create | Villager (Male) |
| 6:08 | Create | Fishing Ship |
| 6:24 | Create | Villager (Male) |
| 6:46 | Create | Villager (Male) |
| 6:50 | Build | House |
| 6:53 | Create | Fishing Ship |
| 6:58 | Build | House |
| 7:14 | Create | Villager (Male) |
| 7:29 | Create | Villager (Male) |
| 7:35 | Create | Fishing Ship |
| 7:40 | Build | Palisade Wall |
| 7:45 | Build | Palisade Wall |
| 7:55 | Build | House |
| 8:00 | Create | Villager (Male) |
| 8:00 | Create | Villager (Male) |
| 8:07 | Build | House |
| 8:25 | Create | Villager (Male) |
| 8:31 | Create | Villager (Male) |
| 8:36 | Build | Mining Camp |
| 8:58 | Build | House |
| 9:17 | Research | Loom |
| 9:17 | Research | Loom |
| 9:37 | Research | Feudal Age |
| 10:23 | Build | Barracks |
| 10:54 | Create | Villager (Male) |
| 10:56 | Create | Militia |
| 10:56 | Create | Militia |
| 11:00 | Create | Militia |
| 11:29 | Build | Mill |
| 11:33 | Create | Villager (Male) |
| 11:37 | Build | House |
| 11:40 | Build | House |
| 11:55 | Age | Feudal Age |
| 11:56 | Create | Unit 2626 |
| 11:59 | Research | Man-at-Arms (upgrade) |
| 12:23 | Create | Unit 2626 |
| 12:27 | Build | House |
| 12:29 | Create | Villager (Male) |
| 12:36 | Build | Mill |
| 12:47 | Build | Palisade Wall |
| 12:50 | Create | Villager (Male) |
| 13:00 | Build | House |
| 13:04 | Create | Villager (Male) |
| 13:32 | Create | Fishing Ship |
| 13:46 | Create | Villager (Male) |
| 13:46 | Create | Villager (Male) |
| 13:53 | Build | House |
| 13:57 | Research | Arson |
| 13:57 | Research | Arson |
| 14:05 | Build | House |
| 14:11 | Create | Villager (Male) |
| 14:30 | Build | Palisade Wall |
| 14:58 | Build | House |
| 14:58 | Build | House |
| 15:10 | Create | Villager (Male) |
| 15:36 | Create | Villager (Male) |
| 15:36 | Create | Villager (Male) |
| 15:48 | Build | Market |
| 16:08 | Build | House |
| 16:09 | Build | Palisade Wall |
| 16:09 | Build | Palisade Wall |
| 16:24 | Create | Villager (Male) |
| 16:38 | Build | Blacksmith |
| 16:40 | Build | Palisade Wall |
| 17:03 | Create | Villager (Male) |
| 17:27 | Build | Mining Camp |
| 17:30 | Research | Castle Age |
| 17:33 | Build | House |
| 17:34 | Build | Palisade Wall |
| 18:27 | Build | Lumber Camp |
| 18:41 | Create | Villager (Male) |
Build order — rono
124 actions detected in the replay
| 0:11 | Build | Town Center |
| 0:43 | Build | Dock |
| 0:45 | Build | House |
| 1:50 | Build | Palisade Wall |
| 1:51 | Build | Palisade Wall |
| 2:31 | Create | Villager (Male) ×4 |
| 3:43 | Create | Fishing Ship |
| 4:07 | Create | Villager (Male) |
| 4:22 | Build | House |
| 4:36 | Create | Villager (Male) |
| 4:58 | Create | Villager (Male) |
| 5:26 | Create | Villager (Male) |
| 5:26 | Create | Villager (Male) |
| 5:40 | Build | House |
| 5:41 | Create | Villager (Male) |
| 5:45 | Create | Fishing Ship |
| 6:13 | Create | Villager (Male) |
| 6:13 | Create | Villager (Male) |
| 6:26 | Create | Fishing Ship |
| 6:31 | Create | Villager (Male) |
| 6:56 | Create | Villager (Male) |
| 7:08 | Create | Fishing Ship |
| 7:12 | Build | House |
| 7:14 | Create | Villager (Male) |
| 7:44 | Build | House |
| 7:47 | Create | Villager (Male) |
| 7:51 | Create | Fishing Ship |
| 7:51 | Create | Fishing Ship |
| 8:07 | Create | Villager (Male) |
| 8:26 | Create | Fishing Ship |
| 8:42 | Create | Villager (Male) |
| 8:56 | Create | Villager (Male) |
| 9:11 | Create | Villager (Male) |
| 9:12 | Create | Fishing Ship |
| 9:29 | Build | Dock |
| 9:34 | Create | Villager (Male) |
| 9:44 | Build | House |
| 10:05 | Build | Lumber Camp |
| 10:19 | Create | Villager (Male) |
| 10:22 | Create | Fishing Ship |
| 10:45 | Create | Villager (Male) |
| 10:48 | Research | Feudal Age |
| 10:56 | Create | Fishing Ship |
| 11:04 | Build | House |
| 11:13 | Create | Fishing Ship |
| 11:34 | Build | Mill |
| 12:07 | Build | Mining Camp |
| 12:14 | Create | Fishing Ship |
| 12:19 | Create | Villager (Male) |
| 12:26 | Create | Fishing Ship |
| 12:54 | Create | Villager (Male) |
| 13:01 | Age | Feudal Age |
| 13:03 | Build | Blacksmith |
| 13:09 | Research | Loom |
| 13:09 | Research | Town Watch |
| 13:39 | Build | Market |
| 13:42 | Build | Palisade Wall |
| 13:43 | Build | Palisade Wall |
| 13:46 | Build | Palisade Wall |
| 13:47 | Build | Palisade Wall |
| 13:48 | Build | Palisade Wall |
| 13:55 | Build | House |
| 14:05 | Build | Watch Tower |
| 14:19 | Create | Villager (Male) |
| 15:06 | Research | Castle Age |
| 15:27 | Research | Double-Bit Axe |
| 15:30 | Create | Unit 2626 |
| 15:31 | Create | Unit 2626 |
| 15:45 | Build | Dock |
| 16:13 | Research | Gold Mining |
| 16:33 | Research | Fletching |
| 16:45 | Research | Tech 906 |
| 16:45 | Create | Fishing Ship |
| 16:46 | Create | Fishing Ship |
| 17:07 | Create | Fishing Ship |
| 17:07 | Create | Fishing Ship |
| 17:19 | Build | Palisade Wall |
| 17:46 | Age | Castle Age |
| 17:50 | Create | Villager (Male) |
| 18:00 | Build | Town Center |
| 18:14 | Create | Villager (Male) |
| 18:28 | Research | Bodkin Arrow |
| 18:29 | Research | Bow Saw |
| 18:32 | Build | House |
| 18:38 | Build | Palisade Wall |
| 18:39 | Build | Palisade Wall |
| 18:47 | Create | Villager (Male) |
| 19:11 | Research | Gillnets |
| 19:12 | Create | Villager (Male) |
| 19:21 | Research | Horse Collar |
| 19:23 | Build | House |
| 19:32 | Create | Villager (Male) |
| 19:41 | Build | Monastery |
| 20:16 | Create | Villager (Male) |
| 20:16 | Create | Villager (Male) |
| 20:20 | Create | Monk |
| 20:27 | Research | Heavy Plow |
| 20:29 | Create | Villager (Male) |
| 20:42 | Create | Villager (Male) |
| 20:42 | Create | Villager (Male) |
| 20:44 | Build | Farm |
| 20:46 | Build | Farm |
| 20:49 | Build | Farm |
| 20:52 | Build | Farm |
| 20:54 | Build | Farm |
| 20:56 | Create | Villager (Male) |
| 20:58 | Build | Farm |
| 21:00 | Create | Villager (Male) |
| 21:04 | Build | Farm |
| 21:09 | Create | Villager (Male) |
| 21:19 | Create | Villager (Male) |
| 21:30 | Create | Villager (Male) |
| 21:31 | Create | Villager (Male) |
| 21:41 | Create | Villager (Male) |
| 21:58 | Create | Villager (Male) |
| 22:00 | Build | House |
| 22:01 | Build | House |
| 22:08 | Build | Town Center |
| 22:14 | Build | Farm |
| 22:18 | Build | House |
| 22:26 | Build | House |
| 22:27 | Build | House |
| 22:27 | Build | House |
| 22:27 | Build | House |
Build order — 一剑扫秋风nelson
91 actions detected in the replay
| 0:06 | Build | Town Center |
| 0:16 | Build | House |
| 1:30 | Build | Dock |
| 1:33 | Build | Palisade Wall |
| 1:35 | Build | Palisade Wall |
| 2:30 | Create | Villager (Male) |
| 2:30 | Create | Villager (Male) |
| 2:30 | Create | Villager (Male) |
| 2:31 | Create | Villager (Male) |
| 2:31 | Create | Villager (Male) |
| 3:40 | Create | Fishing Ship |
| 4:13 | Create | Villager (Male) |
| 4:24 | Build | House |
| 4:40 | Research | Loom |
| 4:53 | Create | Fishing Ship |
| 4:59 | Create | Villager (Male) |
| 5:24 | Create | Villager (Male) |
| 5:58 | Create | Villager (Male) |
| 5:59 | Create | Fishing Ship |
| 6:11 | Build | House |
| 6:20 | Create | Villager (Male) |
| 6:46 | Create | Villager (Male) |
| 7:00 | Create | Villager (Male) |
| 7:08 | Create | Fishing Ship |
| 7:16 | Build | House |
| 7:21 | Build | House |
| 7:27 | Create | Villager (Male) |
| 7:55 | Create | Fishing Ship |
| 8:05 | Create | Villager (Male) |
| 8:11 | Build | House |
| 8:14 | Create | Villager (Male) |
| 8:43 | Create | Villager (Male) |
| 9:12 | Build | Mill |
| 9:17 | Create | Villager (Male) |
| 9:42 | Create | Villager (Male) |
| 10:00 | Build | Mining Camp |
| 10:09 | Create | Villager (Male) |
| 10:36 | Create | Villager (Male) |
| 10:43 | Build | Mining Camp |
| 10:59 | Research | Feudal Age |
| 11:17 | Build | House |
| 12:30 | Build | House |
| 12:32 | Build | Palisade Wall |
| 13:08 | Create | Villager (Male) |
| 13:08 | Create | Villager (Male) |
| 13:09 | Create | Villager (Male) |
| 13:11 | Age | Feudal Age |
| 13:21 | Build | Market |
| 13:41 | Build | Blacksmith |
| 14:16 | Build | Lumber Camp |
| 14:24 | Research | Castle Age |
| 14:48 | Research | Double-Bit Axe |
| 15:10 | Build | House |
| 15:14 | Build | Palisade Wall |
| 15:16 | Build | Palisade Wall |
| 15:28 | Research | Gold Mining |
| 16:15 | Create | Villager (Male) |
| 16:19 | Research | Horse Collar |
| 16:52 | Create | Villager (Male) |
| 17:06 | Age | Castle Age |
| 17:10 | Build | Castle |
| 17:13 | Create | Villager (Male) |
| 17:18 | Research | Bow Saw |
| 17:53 | Build | Town Center |
| 18:13 | Create | Villager (Male) |
| 18:24 | Research | Heavy Plow |
| 18:35 | Create | Villager (Male) |
| 18:47 | Create | Kipchak |
| 18:53 | Create | Villager (Male) |
| 19:04 | Create | Kipchak |
| 19:14 | Build | Farm |
| 19:14 | Build | Farm |
| 19:17 | Create | Villager (Male) |
| 19:27 | Create | Kipchak |
| 19:29 | Create | Villager (Male) |
| 19:30 | Create | Villager (Male) |
| 19:44 | Create | Kipchak |
| 19:45 | Create | Villager (Male) |
| 19:46 | Create | Villager (Male) |
| 20:00 | Build | Farm |
| 20:02 | Create | Kipchak |
| 20:07 | Create | Villager (Male) |
| 20:09 | Build | Farm |
| 20:13 | Create | Kipchak |
| 20:34 | Create | Kipchak |
| 20:39 | Create | Villager (Male) |
| 20:40 | Create | Villager (Male) |
| 20:54 | Create | Villager (Male) |
| 20:55 | Create | Villager (Male) |
| 21:11 | Research | Fletching |
| 21:11 | Research | Fletching |
Build order — 大冲车 滴滴 创死你
89 actions detected in the replay
| 0:26 | Build | Town Center |
| 1:15 | Build | Dock |
| 1:16 | Build | House |
| 2:42 | Create | Villager (Male) |
| 2:42 | Create | Villager (Male) |
| 2:43 | Create | Villager (Male) |
| 2:43 | Create | Villager (Male) |
| 2:43 | Create | Villager (Male) |
| 2:43 | Create | Villager (Male) |
| 3:41 | Create | Fishing Ship |
| 4:13 | Create | Villager (Male) |
| 4:37 | Build | House |
| 4:44 | Research | Loom |
| 4:48 | Create | Villager (Male) |
| 4:48 | Create | Villager (Male) |
| 4:48 | Create | Villager (Male) |
| 5:13 | Create | Villager (Male) |
| 5:13 | Create | Villager (Male) |
| 5:42 | Create | Villager (Male) |
| 5:42 | Create | Villager (Male) |
| 5:47 | Build | House |
| 6:00 | Create | Villager (Male) |
| 6:01 | Create | Fishing Ship |
| 6:26 | Create | Villager (Male) |
| 6:26 | Create | Villager (Male) |
| 6:52 | Build | House |
| 7:05 | Create | Villager (Male) |
| 7:24 | Create | Fishing Ship |
| 7:40 | Create | Villager (Male) |
| 7:40 | Create | Villager (Male) |
| 7:42 | Create | Villager (Male) |
| 7:43 | Create | Villager (Male) |
| 8:10 | Create | Villager (Male) |
| 8:10 | Create | Villager (Male) |
| 8:13 | Build | House |
| 8:21 | Create | Fishing Ship |
| 8:27 | Create | Villager (Male) |
| 8:28 | Create | Villager (Male) |
| 8:28 | Create | Villager (Male) |
| 8:46 | Build | House |
| 9:14 | Create | Fishing Ship |
| 9:50 | Create | Villager (Male) |
| 10:07 | Create | Fishing Ship |
| 10:08 | Create | Fishing Ship |
| 10:31 | Create | Villager (Male) |
| 10:49 | Build | Mining Camp |
| 11:04 | Create | Villager (Male) |
| 11:18 | Research | Feudal Age |
| 11:41 | Build | Lumber Camp |
| 12:03 | Build | Barracks |
| 12:05 | Build | Palisade Wall |
| 12:06 | Build | Palisade Wall |
| 12:12 | Build | House |
| 12:36 | Create | Villager (Male) |
| 12:42 | Build | Palisade Wall |
| 12:47 | Build | Palisade Wall |
| 13:42 | Age | Feudal Age |
| 13:45 | Create | Villager (Male) |
| 13:45 | Research | Double-Bit Axe |
| 14:00 | Build | Mining Camp |
| 14:14 | Build | Blacksmith |
| 14:16 | Create | Villager (Male) |
| 14:48 | Build | Archery Range |
| 14:50 | Build | Archery Range |
| 14:51 | Create | Villager (Male) |
| 14:55 | Build | House |
| 15:23 | Create | Villager (Male) |
| 15:48 | Create | Villager (Male) |
| 16:13 | Create | Villager (Male) |
| 16:21 | Research | Castle Age |
| 16:21 | Research | Castle Age |
| 16:22 | Research | Castle Age |
| 16:37 | Build | House |
| 16:39 | Create | Archer |
| 16:50 | Create | Archer |
| 16:58 | Research | Fletching |
| 17:24 | Research | Gold Mining |
| 17:52 | Create | Archer |
| 17:52 | Create | Archer |
| 17:55 | Create | Villager (Male) |
| 18:31 | Create | Archer |
| 18:31 | Create | Archer |
| 18:48 | Create | Archer |
| 18:48 | Create | Archer |
| 18:53 | Create | Archer |
| 18:55 | Create | Villager (Male) |
| 19:18 | Age | Castle Age |
| 19:22 | Research | Crossbowman (upgrade) |
| 19:40 | Build | Town Center |
Build order — Fresh To Death
98 actions detected in the replay
| 0:05 | Build | Town Center |
| 1:09 | Build | Dock |
| 1:11 | Build | House |
| 2:28 | Create | Villager (Male) |
| 2:28 | Create | Villager (Male) |
| 2:28 | Create | Villager (Male) |
| 2:36 | Create | Villager (Male) |
| 3:41 | Create | Fishing Ship |
| 4:03 | Research | Loom |
| 4:25 | Create | Villager (Male) |
| 4:35 | Create | Fishing Ship |
| 4:42 | Build | House |
| 5:20 | Create | Villager (Male) |
| 5:40 | Create | Fishing Ship |
| 5:51 | Create | Villager (Male) |
| 5:59 | Build | House |
| 6:20 | Create | Fishing Ship |
| 6:27 | Create | Villager (Male) |
| 6:55 | Create | Villager (Male) |
| 6:58 | Create | Fishing Ship |
| 7:12 | Create | Villager (Male) |
| 7:20 | Build | House |
| 7:41 | Create | Villager (Male) |
| 7:45 | Create | Fishing Ship |
| 7:48 | Create | Villager (Male) |
| 7:58 | Build | Palisade Wall |
| 8:15 | Build | Palisade Gate |
| 8:24 | Create | Villager (Male) |
| 8:26 | Create | Fishing Ship |
| 8:56 | Create | Villager (Male) |
| 9:12 | Build | Mining Camp |
| 9:27 | Create | Villager (Male) |
| 9:35 | Build | House |
| 10:05 | Research | Feudal Age |
| 10:13 | Build | Lumber Camp |
| 11:14 | Build | Dock |
| 11:41 | Build | House |
| 12:15 | Age | Feudal Age |
| 12:17 | Create | Galley |
| 12:17 | Create | Galley |
| 12:19 | Create | Villager (Male) |
| 12:24 | Build | Dock |
| 12:31 | Research | Double-Bit Axe |
| 12:32 | Create | Villager (Male) |
| 12:59 | Create | Villager (Male) |
| 13:00 | Create | Unit 2626 |
| 13:01 | Create | Unit 2626 |
| 13:07 | Build | House |
| 13:08 | Create | Villager (Male) |
| 13:29 | Create | Villager (Male) |
| 13:55 | Create | Galley |
| 13:55 | Create | Galley |
| 14:03 | Create | Galley |
| 14:11 | Create | Villager (Male) |
| 14:21 | Create | Villager (Male) |
| 14:28 | Build | Outpost |
| 14:31 | Research | Town Watch |
| 14:39 | Build | House |
| 14:48 | Create | Fishing Ship |
| 14:49 | Create | Fishing Ship |
| 14:49 | Create | Fishing Ship |
| 14:57 | Research | Tech 906 |
| 15:00 | Create | Villager (Male) |
| 15:32 | Create | Galley |
| 15:33 | Create | Galley |
| 15:33 | Create | Galley |
| 15:47 | Create | Villager (Male) |
| 15:48 | Create | Villager (Male) |
| 15:59 | Create | Unit 2626 |
| 16:18 | Build | House |
| 16:18 | Build | House |
| 16:29 | Create | Fishing Ship |
| 16:29 | Create | Fishing Ship |
| 16:31 | Create | Fishing Ship |
| 16:40 | Create | Villager (Male) |
| 17:01 | Build | Mill |
| 17:10 | Create | Villager (Male) |
| 17:46 | Create | Villager (Male) |
| 17:47 | Create | Fishing Ship |
| 17:47 | Create | Fishing Ship |
| 17:48 | Create | Fishing Ship |
| 17:50 | Build | Blacksmith |
| 18:21 | Build | Market |
| 18:23 | Build | House |
| 18:24 | Build | House |
| 18:32 | Create | Villager (Male) |
| 18:32 | Create | Villager (Male) |
| 18:54 | Build | Dock |
| 19:12 | Research | Castle Age |
| 19:12 | Research | Castle Age |
| 19:18 | Build | Lumber Camp |
| 19:32 | Build | Mining Camp |
| 20:37 | Build | House |
| 21:58 | Age | Castle Age |
| 21:59 | Build | Castle |
| 22:02 | Research | Fletching |
| 22:14 | Create | Villager (Male) |
| 22:16 | Research | Bow Saw |
Match timeline
| 0:38 | 灵魂恰恰恰 · first_building Dock |
| 0:43 | rono · first_building Dock |
| 0:49 | CBRM · first_building Dock |
| 0:57 | Viktor Dufka · first_building Dock |
| 1:09 | Fresh To Death · first_building Dock |
| 1:15 | 大冲车 滴滴 创死你 · first_building Dock |
| 1:30 | 一剑扫秋风nelson · first_building Dock |
| 1:33 | 一剑扫秋风nelson · wall_segment Palisade Wall x1 |
| 1:35 | 一剑扫秋风nelson · wall_segment Palisade Wall x1 |
| 1:50 | rono · wall_segment Palisade Wall x1 |
| 1:51 | rono · wall_segment Palisade Wall x1 |
| 6:05 | Fight2End&NoAfk · first_building Dock |
| 7:40 | Viktor Dufka · wall_segment Palisade Wall x1 |
| 7:45 | Viktor Dufka · wall_segment Palisade Wall x1 |
| 7:58 | Fresh To Death · wall_segment Palisade Wall x1 |
| 8:55 | 灵魂恰恰恰 · wall_segment Palisade Wall x1 |
| 10:23 | Viktor Dufka · first_building Barracks |
| 10:37 | 灵魂恰恰恰 · first_building Barracks |
| 11:55 | Viktor Dufka · age_up feudal |
| 12:03 | 大冲车 滴滴 创死你 · first_building Barracks |
| 12:05 | 大冲车 滴滴 创死你 · wall_segment Palisade Wall x1 |
| 12:06 | 大冲车 滴滴 创死你 · wall_segment Palisade Wall x1 |
| 12:15 | Fresh To Death · age_up feudal |
| 12:32 | 一剑扫秋风nelson · wall_segment Palisade Wall x5 |
| 12:42 | 大冲车 滴滴 创死你 · wall_segment Palisade Wall x1 |
| 12:43 | CBRM · age_up feudal |
| 12:47 | 大冲车 滴滴 创死你 · wall_segment Palisade Wall x1 |
| 12:47 | Viktor Dufka · wall_segment Palisade Wall x4 |
| 13:01 | rono · age_up feudal |
| 13:11 | 一剑扫秋风nelson · age_up feudal |
| 13:42 | rono · wall_segment Palisade Wall x1 |
| 13:42 | 大冲车 滴滴 创死你 · age_up feudal |
| 13:43 | rono · wall_segment Palisade Wall x1 |
| 13:46 | rono · wall_segment Palisade Wall x1 |
| 13:47 | rono · wall_segment Palisade Wall x1 |
| 13:48 | rono · wall_segment Palisade Wall x1 |
| 14:10 | 灵魂恰恰恰 · age_up feudal |
| 14:13 | 灵魂恰恰恰 · first_building Archery Range |
| 14:30 | Viktor Dufka · wall_segment Palisade Wall x1 |
| 14:48 | 大冲车 滴滴 创死你 · first_building Archery Range |
| 15:07 | 灵魂恰恰恰 · wall_segment Palisade Wall x1 |
| 15:14 | 一剑扫秋风nelson · wall_segment Palisade Wall x2 |
| 15:16 | 一剑扫秋风nelson · wall_segment Palisade Wall x4 |
| 15:18 | Fight2End&NoAfk · age_up feudal |
| 16:09 | Viktor Dufka · wall_segment Palisade Wall x1 |
| 16:09 | Viktor Dufka · wall_segment Palisade Wall x1 |
| 16:40 | Viktor Dufka · wall_segment Palisade Wall x3 |
| 17:04 | 灵魂恰恰恰 · wall_segment Palisade Wall x7 |
| 17:06 | 一剑扫秋风nelson · age_up castle |
| 17:10 | 一剑扫秋风nelson · first_building Castle |
| 17:14 | Fight2End&NoAfk · wall_segment Palisade Wall x1 |
| 17:19 | rono · wall_segment Palisade Wall x1 |
| 17:34 | Viktor Dufka · wall_segment Palisade Wall x1 |
| 17:41 | 灵魂恰恰恰 · age_up castle |
| 17:46 | rono · age_up castle |
| 17:58 | Viktor Dufka · first_market_buy 100 stone |
| 18:27 | Fight2End&NoAfk · first_market_sell 100 stone |
| 18:28 | Fight2End&NoAfk · first_market_buy 100 food |
| 18:38 | rono · wall_segment Palisade Wall x1 |
| 18:39 | rono · wall_segment Palisade Wall x1 |
| 19:08 | CBRM · age_up castle |
| 19:18 | 大冲车 滴滴 创死你 · age_up castle |
| 19:41 | rono · first_building Monastery |
| 19:43 | Viktor Dufka · resign |
| 21:17 | Fight2End&NoAfk · age_up castle |
| 21:42 | Fight2End&NoAfk · first_building Castle |
| 21:50 | Fresh To Death · first_market_buy 100 stone |
| 21:58 | Fresh To Death · age_up castle |
| 21:59 | Fresh To Death · first_building Castle |
| 22:14 | Fight2End&NoAfk · wall_segment Palisade Wall x3 |
[ AI ANALYSIS · 1 CREDIT ]
What really happened in this match?
Wolo.gg analyzes every decision: build order, eco, micro, common mistakes by bracket. Personalized analysis on WhatsApp or Discord in 30 seconds.
Civ guide
Ethiopians
Perfil
Jugador #16308647